 Dungeon Crawl Stone Soup version 0.28.0-53-g5a82cb258f (webtiles) character file.

Game seed: 10514666565140215524

102 Gabide the Poker (level 5, 0/42 HPs)
             Began as a Human Monk on May 29, 2022.
             Succumbed to a water moccasin's poison
             ... on level 5 of the Dungeon.
             The game lasted 00:03:59 (2027 turns).

Gabide the Poker (Human Monk)                       Turns: 2027, Time: 00:04:00

Health: 0/42       AC:  2    Str: 11    XL:     5   Next: 6%
Magic:  5/5        EV: 14    Int: 10    God:
Gold:   42         SH:  0    Dex: 18    Spells: 4/4 levels left

rFire   . . .      SeeInvis .   a - +0 spear
rCold   . . .      Faith    .   (no shield)
rNeg    . . .      Spirit   .   b - +0 robe
rPois   .          Reflect  .   (no helmet)
rElec   .          Harm     .   (no cloak)
rCorr   .          Rampage  .   (no gloves)
Will    .....                   (no boots)
Stlth   ++........              (no amulet)
HPRegen 0.14/turn               (no ring)
MPRegen 0.09/turn               (no ring)

@: lethally poisoned (0 -> -12), hasted, very quick
A: no striking features
a: no special abilities


You were on level 5 of the Dungeon.
You visited 1 branch of the dungeon, and saw 4 of its levels.

You collected 42 gold pieces.

Inventory:

Hand Weapons
 a - a +0 spear (weapon)
Armour
 b - a +0 robe (worn)
Jewellery
 e - an amulet of faith
Scrolls
 f - a scroll of fog {unknown}
 g - a scroll of teleportation {unknown}
 j - a scroll of vulnerability {unknown}
 k - a scroll of identify {unknown}
Potions
 c - a potion of cancellation {unknown}
 i - a potion of degeneration {unknown}


   Skills:
 + Level 3.9 Fighting
 + Level 3.9 Polearms
 + Level 3.9 Dodging
 - Level 2.0 Stealth


You had 4 spell levels left.
You didn't know any spells.
Your spell library contained the following spells:

 Spells                   Type           Power      Damage    Failure   Level
 Shock                    Conj/Air       0%         1d3       36%         1
 Swiftness                Air            0%         N/A       75%         3
 Airstrike                Air            0%         N/A       98%         4


Dungeon Overview and Level Annotations

Branches:
Dungeon (5/15)
 Temple: D:4-7

Altars:

Annotations:
D:5 exclusions: ice beast, necrophage and 1 more exclusion


Message History

You are too injured to fight recklessly!
You are too injured to fight recklessly!
You are too injured to fight recklessly!
You are too injured to fight recklessly!
You are too injured to fight recklessly!
You are too injured to fight recklessly!
You feel better. The water moccasin bites you.
You are poisoned.
The water moccasin poisons you!
You miss the water moccasin.
The water moccasin is moderately wounded.
You feel very sick. The water moccasin misses you.
You hit the water moccasin.
The water moccasin is moderately wounded.
You feel sick.
The water moccasin bites you but does no damage.
You hit the water moccasin.
The water moccasin is heavily wounded.
You feel sick. The water moccasin bites you.
* * * LOW HITPOINT WARNING * * *
You feel better.
You hit the water moccasin but do no damage.
The water moccasin is heavily wounded.
The water moccasin bites you!
* * * LOW HITPOINT WARNING * * *
You are lethally poisoned!
The water moccasin poisons you!
You hit the water moccasin.
The water moccasin is severely wounded.
* * * LOW HITPOINT WARNING * * *
You feel sick. The water moccasin barely misses you.
You hit the water moccasin.
The water moccasin is almost dead.
* * * LOW HITPOINT WARNING * * *
You feel sick. The water moccasin bites you.
* * * LOW HITPOINT WARNING * * *
You hit the water moccasin.
You kill the water moccasin!
You die...

...S. .....
.....##+###
........#
#(....#
+.....#
#.....#
##†....#
#.@....#
#......#
#......#
#......#
#######......#
#.....'......#
#.Y...#......#
#######......#
########


There were no monsters in sight!

Vanquished Creatures
  A water moccasin (D:5)
  A bullfrog skeleton (D:5)
  2 adders (D:2)
  A worm (D:2)
  3 dart slugs
  3 ball pythons
  3 bats (D:1)
  7 endoplasms
  2 giant cockroaches
  A hobgoblin (D:1)
  5 kobolds
  3 quokkas
  4 frilled lizards
  5 goblins
  4 rats
45 creatures vanquished.

Vanquished Creatures (others)
  8 plants (D:5)
8 creatures vanquished.

Grand Total: 53 creatures vanquished

Notes
Turn   | Place    | Note
-------+----------+-------------------------------------------
     0 | D:1      | Gabide the Human Monk began the quest for the Orb.
     0 | D:1      | Reached XP level 1. HP: 18/18 MP: 1/1
   183 | D:1      | Reached XP level 2. HP: 24/24 MP: 2/2
   522 | D:1      | Reached XP level 3. HP: 19/29 MP: 3/3
   663 | D:1      | Found a faded altar of an unknown god.
  1332 | D:2      | Reached XP level 4. HP: 36/36 MP: 4/4
  1879 | D:3      | You fall into a shaft and drop 2 floors!
  1879 | D:5      | Entered Level 5 of the Dungeon
  1881 | D:5      | Noticed an ice beast
  1892 | D:5      | Noticed a necrophage
  1913 | D:5      | Reached XP level 5. HP: 27/42 MP: 5/5
  1925 | D:5      | Noticed a water moccasin
  2026 | D:5      | HP: 2/42 [water moccasin (6)]
  2027 | D:5      | Killed a water moccasin
  2027 | D:5      | Succumbed to a water moccasin's poison

Illustrated notes

Levels and vault maps discovered:
D:1:      lightli_arrival_lavapool, layout_rooms, basic_ecumenical_altar,
          corexii_corridor_pit
D:2:      layout_basic
D:3:      layout_rooms, st_stairs_5
D:5:      cheibrodos_helix_gallery, layout_gridville, nicolae_grassy_gnolls,
          uniq_edmund

Action                   |  1- 3 |  4- 6 || total
-------------------------+-------+-------++-------
Melee: Spear             |   144 |    54 ||   198
       Punch             |     1 |       ||     1
  Use: Potion            |       |     5 ||     5
 Stab: Sleeping          |     8 |     1 ||     9
Armor: Robe              |    11 |     2 ||    13
Dodge: Dodged            |    81 |    23 ||   104
